 Dungeon Crawl Stone Soup version 0.31-a0-1589-g8f5e8aebd6 (webtiles) character file.

Game seed: 2605328291098714870

5546 Dirian the Grappler (level 10, -15/78 HPs)
             Began as a Green Draconian Shapeshifter on Jan 5, 2024.
             Was a Follower of Makhleb.
             Demolished by a two-headed ogre
             ... wielding a +0 giant spiked club
              (26 damage)
             ... on level 9 of the Dungeon.
             The game lasted 00:14:49 (7274 turns).

Dirian the Grappler (Green Draconian Shapeshifter)  Turns: 7274, Time: 00:14:49

Health: -15/78     AC:  7    Str: 22    XL:     10   Next: 43%
Magic:  11/11      EV: 19    Int: 11    God:    Makhleb [*.....]
Gold:   476        SH:  0    Dex: 13    Spells: 9/9 levels left

rFire   + .          .
                       - Unarmed
rCold   . . .        (no shield)
rNeg    . . .        (body armour unavailable)
rPois   +            (helmet currently unavailable)
rElec   .            (cloak currently unavailable)
rCorr   .            (gloves currently unavailable)
SInv    .            (boots currently unavailable)
Will    .....        s - amulet "Xagag" {Acrobat Str+4}
Stlth   +            i - +5 ring of evasion
HPRegen 0.33/turn    f - ring of protection from fire
MPRegen 0.12/turn

%: acrobat
@: beast-form, studying Earth Magic
A: beast (slay +3), breathe noxious fumes, AC +7, unfitting armour, poison
resistance, cold-blooded
a: Breathe Noxious Fumes, Begin Untransformation, Renounce Religion


You were on level 9 of the Dungeon.
You worshipped Makhleb.
Makhleb was aware of your devotion.
You were a hulking beast.
You visited 1 branch of the dungeon, and saw 9 of its levels.

You collected 632 gold pieces.
You spent 156 gold pieces at shops.

Inventory:

Missiles
 o - 10 boomerangs
Jewellery
 f - a ring of protection from fire (right hand)
 i - a +5 ring of evasion (left hand)
 k - a ring of ice
 s - the amulet "Xagag" (around neck) {Acrobat Str+4}
   (You acquired it on level 3 of the Dungeon)

   [amulet of the acrobat]

   Acrobat:   It increases your evasion while moving and waiting.
   Str+4:     It affects your strength (+4).
 u - a ring of willpower
 B - a +4 ring of protection
Talismans
 b - a beast talisman (active)
 c - a flux talisman
 y - a maw talisman
Wands
 p - a wand of light (6) (quivered)
 t - a wand of paralysis (3)
 v - a wand of digging (7)
 x - a wand of flame (19)
 C - a wand of polymorph (2)
Scrolls
 e - 2 scrolls of immolation
 r - a scroll of identify
 z - a scroll of fear
Potions
 a - a potion of lignification
 d - a potion of might
 g - 2 potions of brilliance
 h - 2 potions of haste
 j - a potion of ambrosia
 l - 2 potions of mutation
 m - a potion of berserk rage
 n - 2 potions of invisibility
 q - a potion of curing
 w - 5 potions of heal wounds
 A - a potion of resistance {unknown}
 D - a potion of enlightenment {unknown}


   Skills:
 + Level 3.7 Fighting
 + Level 6.3 Dodging
 + Level 12.6 Unarmed Combat
 * Level 1.5 Invocations
 * Level 6.2 Shapeshifting


You had 9 spell levels left.
You didn't know any spells.
Your spell library contained the following spells:

 Spells                   Type           Power      Damage    Failure   Level
 Apportation              Tloc           0%         N/A       34%         1
 Sandblast                Erth           0%         2d4       34%         1
 Sting                    Conj/Alch      0%         1d3       34%         1
 Jinxbite                 Hex            0%         N/A       47%         2
 Lesser Beckoning         Tloc           0%         N/A       47%         2
 Mercury Vapours          Alch/Air       0%         N/A       47%         2
 Gell's Gravitas          Tloc           0%         N/A       71%         3
 Hailstorm                Conj/Ice       0%         3d5       71%         3
 Passwall                 Erth           0%         N/A       71%         3
 Stone Arrow              Conj/Erth      0%         3d7       71%         3
 Summon Ice Beast         Ice/Summ       0%         N/A       71%         3
 Teleport Other           Tloc           0%         N/A       71%         3
 Brom's Barrelling Bould  Conj/Erth      0%         2d3       98%         4
 Olgreb's Toxic Radiance  Alch           0%         N/A       98%         4
 Alistair's Intoxication  Alch           0%         N/A       100%        5
 Sculpt Simulacrum        Ice/Alch       0%         N/A       100%        6
 Lehudib's Crystal Spear  Conj/Erth      0%         10d2      100%        8
 Animate Armour           Summ/Erth      Unusable   N/A       N/A         4

Dungeon Overview and Level Annotations

Branches:
Dungeon (9/15) Zot: 26725  Temple (0/1) D:5
   Lair: D:8-11         Orc: D:9-12

Altars:
Ashenzari
Cheibriados
Elyvilon
Hepliaklqana
Makhleb
Nemelex Xobeh
Trog
Uskayaw
Vehumet
Wu Jian
Zin

Shops:
D:4 !   D:5 *   D:7 *(


Innate Abilities, Weirdness & Mutations

You are a hulking beast.
Your limbs bulge with bestial killing power. (Slay +3)
You can breathe blasts of noxious fumes.
Your lurid green scales are hard. (AC +7)
You cannot fit into any form of body armour.
Your system is resistant to poisons. (rPois)
You are cold-blooded and may be slowed by cold attacks.


Message History

You now have 459 gold pieces (gained 10).
Things that are here:
a +2 heavy trident; a +0 ring mail You now have 476 gold pieces (gained 17).
Items here: )) [[ †.
Magic restored.
A two-headed ogre comes into view.
It is wielding a +0 giant spiked club and a +0 giant club.
A two-headed ogre is nearby!
The two-headed ogre shouts in stereo!
You hear an angry hiss.
A wyvern comes into view.
The wyvern hisses angrily.
You pummel the two-headed ogre!! You punch the two-headed ogre.
The two-headed ogre is moderately wounded.
The two-headed ogre completely misses you.
The two-headed ogre hits you with a +0 giant club!
You closely miss the two-headed ogre. You tail-slap the two-headed ogre.
The two-headed ogre is heavily wounded.
You barely miss the two-headed ogre.
The two-headed ogre is heavily wounded.
The two-headed ogre misses you.
The two-headed ogre hits you with a +0 giant club!!
* * * LOW HITPOINT WARNING * * *
The wyvern bites you but does no damage.
You barely miss the two-headed ogre. You tail-slap the two-headed ogre.
You punch the two-headed ogre.
The two-headed ogre is heavily wounded.
The wyvern misses you.
You barely miss the two-headed ogre. You punch the two-headed ogre!
The two-headed ogre is severely wounded.
The wyvern bites you!
* * * LOW HITPOINT WARNING * * *
The two-headed ogre misses you. The two-headed ogre barely misses you.
You punch the two-headed ogre!
The two-headed ogre is almost dead.
The wyvern misses you.
You barely miss the two-headed ogre.
The two-headed ogre is almost dead.
The wyvern barely misses you.
The two-headed ogre hits you with a +0 giant spiked club!!
You die...

.....#..........### #
.....#.########...# #
.............###.# #
.............# #.# #
#..........###.# #
#..............#####
#..........##..##...
########.kO.......##...#.##
..........h.......##.#.#.##
..........)[......##.....##
.......))#############.#...
.......).# #.#.#.
.........# #.....
...!.....# ##.##.
.........# #.##. .........#
#.##. .........# #...#


You could see a two-headed ogre and a wyvern.

Vanquished Creatures
  The ghost of Dirian the Cleaver, a novice MiFi of Okawaru (D:7)
  An ice statue (D:7)
  Joseph (D:8)
  A hornet (D:7)
  A shadow (D:9)
  A wyvern (D:9)
  A vampire mosquito (D:7)
  An acid dragon (D:8)
  2 sky beasts
  An ice beast (D:7)
  5 orc warriors
  3 black bears
  An ogre (D:4)
  7 kobold brigands
  2 bullfrogs
  2 scorpions
  14 wights
  7 howler monkeys
  A bombardier beetle (D:5)
  6 hounds
  2 jellies
  An orc priest (D:7)
  A sleepcap (D:8)
  2 iguanas (D:5)
  5 orc wizards
  5 adders
  7 gnolls
  A shadow imp (D:7)
  3 white imps (D:7)
  A ribbon worm (D:3)
  16 orcs
  3 ball pythons
  7 endoplasms
  2 giant cockroaches
  8 goblins
  6 hobgoblins
  8 quokkas
  6 bats
  5 frilled lizards
  24 kobolds
  4 rats
176 creatures vanquished.

Notes
Turn   | Place    | Note
-------+----------+-------------------------------------------
     0 | D:1      | Dirian the Draconian Shapeshifter began the quest for the
                  | Orb.
     0 | D:1      | Reached XP level 1. HP: 16/16 MP: 1/1
   293 | D:1      | Reached XP level 2. HP: 21/23 MP: 2/2
   866 | D:2      | Reached XP level 3. HP: 15/28 MP: 3/3
  1493 | D:3      | Reached XP level 4. HP: 20/35 MP: 4/4
  1500 | D:3      | Reached skill level 4 in Unarmed Combat
  1751 | D:3      | Reached XP level 5. HP: 34/40 MP: 5/5
  2039 | D:3      | Identified 3 scrolls of acquirement
  2044 | D:3      | Acquired a manual of Earth Magic
  2046 | D:3      | Acquired the amulet "Xagag" {Acrobat Str+4}
  2047 | D:3      | Acquired a ring of protection from fire
  2236 | D:4      | Noticed an ogre
  2243 | D:4      | Killed an ogre
  2244 | D:4      | Reached skill level 5 in Unarmed Combat
  2278 | D:4      | Reached XP level 6. HP: 47/47 MP: 6/6
  2527 | D:4      | Found Goit's Distillery.
  2530 | D:4      | Bought a potion of curing for 36 gold pieces
  2530 | D:4      | Bought a potion of haste for 120 gold pieces
  2576 | D:4      | Found a hide-covered altar of Uskayaw.
  2788 | D:5      | Entered Level 5 of the Dungeon
  2805 | D:5      | Found Ytoi's General Store.
  2810 | D:5      | Found a bloodstained altar of Trog.
  2817 | D:5      | Found a snail-covered altar of Cheibriados.
  2818 | D:5      | Found a white marble altar of Elyvilon.
  2818 | D:5      | Found a radiant altar of Vehumet.
  2818 | D:5      | Found a broken altar of Ashenzari.
  2820 | D:5      | Found an ornate altar of the Wu Jian Council.
  2820 | D:5      | Found a hazy altar of Hepliaklqana.
  2821 | D:5      | Found a glowing silver altar of Zin.
  2867 | D:5      | Found a staircase to the Ecumenical Temple.
  2936 | D:5      | Reached skill level 6 in Unarmed Combat
  3341 | D:5      | Your scales start taking on a lurid green colour.
  3341 | D:5      | Reached XP level 7. HP: 48/53 MP: 7/7
  3341 | D:5      | Gained mutation: Your system is resistant to poisons.
                  | (rPois) [Green Draconian growth]
  3776 | D:6      | Reached skill level 7 in Unarmed Combat
  3840 | D:6      | Identified the +2 ring mail of Moral Flaws {Str+3 Stlth+}
  3949 | D:6      | Identified the +1 quarterstaff "Newt's Undoing" {heavy,
                  | *Rage *Noise rC+++ rCorr}
  4257 | D:7      | Reached XP level 8. HP: 61/61 MP: 8/8
  4283 | D:7      | Reached skill level 8 in Unarmed Combat
  4503 | D:7      | Found a transporter.
  4519 | D:7      | Noticed an ice statue
  4525 | D:7      | Noticed Dirian's ghost (novice MiFi)
  4619 | D:7      | Found Uwomiavi's Weapon Boutique.
  4627 | D:7      | Found Ynelits's Lightly-Used Armoury.
  4692 | D:7      | Reached skill level 5 in Shapeshifting
  4859 | D:7      | Found a transporter.
  4900 | D:7      | Noticed a hornet
  4911 | D:7      | Killed a hornet
  4912 | D:7      | Reached skill level 9 in Unarmed Combat
  5036 | D:7      | Found a sparkling altar of Nemelex Xobeh.
  5252 | D:7      | Reached skill level 10 in Unarmed Combat
  5252 | D:7      | Reached XP level 9. HP: 68/68 MP: 9/9
  5271 | D:7      | Killed Dirian's ghost
  5273 | D:7      | Reached skill level 5 in Dodging
  5371 | D:7      | Reached skill level 11 in Unarmed Combat
  5575 | D:7      | Killed an ice statue
  6200 | D:8      | Found a burning altar of Makhleb.
  6258 | D:8      | Became a worshipper of Makhleb the Destroyer
  6293 | D:8      | Noticed Joseph
  6301 | D:8      | Reached XP level 10. HP: 60/77 MP: 10/10
  6309 | D:8      | Killed Joseph
  6310 | D:8      | Reached skill level 12 in Unarmed Combat
  6845 | D:8      | Reached * piety under Makhleb
  7159 | D:9      | Reached skill level 1 in Invocations
  7263 | D:9      | Noticed a two-headed ogre
  7274 | D:9      | Demolished by a two-headed ogre

Illustrated notes

Levels and vault maps discovered:
D:1:      spicycebolla_arrival_xxxplode, layout_loops_ring
D:2:      layout_loops_ring
D:3:      layout_rooms, nrook_uturn
D:4:      layout_basic, mainiacjoe_overflow_alcove_1, serial_shops,
          kennysheep_mini_moat, hex_tiny, kennysheep_small_square
D:5:      layout_basic, grunt_temple_overflow_open,
          minmay_temple_entry_mini_moons, serial_shops, shop
D:6:      layout_rooms
D:7:      layout_loops_corners, nemelex_diamond_rough_becter, serial_shops,
          shop, nzn_ghost_randoct, minmay_shop_damaged
D:8:      layout_loops_ring, lemuel_doored_altar, minmay_diced_spiral,
          uniq_joseph
D:9:      layout_basic, enter_bailey_2, kennysheep_generic_room_12

Skill      XL: |  1  2  3  4  5  6  7  8  9 10 |
---------------+-------------------------------+-----
Dodging        | 2 3 4 5 6 |  6.3
Unarmed Combat | 4 5 6 7 10 11 12 | 12.6
Shapeshifting  | 4 5 6 |  6.2
Fighting       | 2 3 |  3.7
Invocations    | 1 |  1.5

Action                     |  1- 3 |  4- 6 |  7- 9 | 10-12 || total
---------------------------+-------+-------+-------+-------++-------
  Melee: Unarmed           |   106 |   146 |   259 |   104 ||   615
         Tailslap          |     9 |    10 |    28 |    25 ||    72
         Punch             |     1 |     5 |    18 |     8 ||    32
    Use: Scroll            |       |    10 |     7 |     3 ||    20
         Potion            |       |       |     2 |       ||     2
   Stab: Sleeping          |     1 |     2 |       |       ||     3
 Armour: Skin              |    43 |    54 |   103 |    55 ||   255
  Dodge: Dodged            |    70 |    98 |   144 |   122 ||   434
   Form: Beast             |     1 |       |       |       ||     1

Table legend: (Time is in decaauts)
 A = Elapsed time spent in this place.
 B = Non-inter-level travel time spent in this place.
 C = Inter-level travel time spent in this place.
 D = Time resting spent in this place.
 E = Time spent auto-exploring this place.
 F = Levels seen in this place.
 G = Mean time per level.
                   A        B        C        D        E       F      G
               +--------+--------+--------+--------+--------+-----+--------+
         Total |   7182 |   6921 |    261 |      4 |   5711 |   9 |  798.0 |
       Dungeon |   7182 |   6921 |    261 |      4 |   5711 |   9 |  798.0 |
               +--------+--------+--------+--------+--------+-----+--------+

Top non-repeatable levels by time:
     D:7: 1749 daAuts
     D:8: 1003 daAuts
     D:5: 799 daAuts
     D:1: 732 daAuts
     D:3: 711 daAuts
     D:2: 667 daAuts
     D:4: 660 daAuts
     D:6: 584 daAuts
     D:9: 273 daAuts
